 Dungeon Crawl Stone Soup version 0.16-a0-2818-g1ef6e07 (webtiles) character file.

201 HAL9000 the Cutter (level 5, -5/26 HPs)
             Began as a Vine Stalker Assassin on Nov 28, 2014.
             Slain by a hippogriff (6 damage)
             ... on level 4 of the Dungeon.
             The game lasted 00:06:32 (2837 turns).

HAL9000 the Cutter (Vine Stalker Assassin)          Turns: 2837, Time: 00:06:32

Health: -5/26      AC:  4    Str: 18    XL:     5   Next: 79%
Magic:  0/7        EV: 11    Int: 11    God:
Gold:   171        SH:  0    Dex: 17    Spells: 0 memorised, 4 levels left

rFire  . . .     SeeInvis .     v - +0 dagger (elec)
rCold  . . .     Clarity  .     c - +0 robe
rNeg   . . .     SustAb   .     (no shield)
rPois  +         Gourm    .     x - +1 hat
rElec  .         Spirit   +     d - +0 cloak
rCorr  .         Warding  .     (no gloves)
rMut   .         Stasis   .     (no boots)
MR     .....                    (no amulet)
Stlth  +++.......               (no ring)
                                n - ring of poison resistance

@: mighty, not resistant to hostile enchantments, fairly stealthy
A: fangs 2, regeneration 1, magic shield, antimagic bite, no device heal 3, rot
immunity
a: no special abilities


You were on level 4 of the Dungeon.
You were hungry.

You visited 1 branch of the dungeon, and saw 4 of its levels.

You collected 171 gold pieces.


Innate Abilities, Weirdness & Mutations

You have extremely sharp teeth.
Your natural rate of healing is unusually fast.
When hurt, damage is shared between your health and your magic reserves.
Your bite disrupts and absorbs the magic of your enemies.
Potions and wands cannot restore your health.
You are immune to rotting.


   Skills:
 - Level 1.7 Fighting
 + Level 5.3 Short Blades
 - Level 1.7 Throwing
 - Level 0.7 Dodging
 - Level 4.8 Stealth


You had 4 spell levels left.
You didn't know any spells.

Dungeon Overview and Level Annotations

Branches:
Dungeon (4/15)
 Temple: D:4-7

Altars:
Cheibriados
Gozag
Sif Muna
Trog
The Shining One

Inventory:

Hand weapons
 b - a +0 blowgun
 t - a +0 short sword of freezing
   (You took it off a kobold on level 2 of the Dungeon)
 v - a +0 dagger of electrocution (weapon)
   (You took it off an orc wizard on level 3 of the Dungeon)
 E - a +3 dagger
   (You took it off an orc on level 4 of the Dungeon)
Missiles
 e - 39 poisoned needles
 f - 2 curare-tipped needles
Armour
 c - a +0 robe (worn)
 d - a +0 cloak (worn)
 x - a +1 hat (worn)
   (You found it on level 3 of the Dungeon)
Jewellery
 n - a ring of poison resistance (left hand)
   (You found it on level 1 of the Dungeon)
Magical devices
 w - a wand of confusion (31)
   (You found it on level 3 of the Dungeon)
 B - a wand of frost (15)
   (You found it on level 3 of the Dungeon)
Scrolls
 a - a scroll of immolation {unknown}
 j - a scroll of enchant weapon {unknown}
 m - 2 scrolls of remove curse {unknown}
 o - 2 scrolls of random uselessness {unknown}
 r - a scroll of teleportation {unknown}
 y - a scroll of fog {unknown}
 C - a scroll of blinking {unknown}
 D - a scroll of recharging {unknown}
Potions
 h - 2 potions of agility {unknown}
 k - a potion of cancellation
 p - a potion of cure mutation {unknown}
 q - a potion of restore abilities
 s - a potion of might
 u - 2 potions of resistance
 z - a potion of heal wounds {unknown}
 A - a potion of beneficial mutation {unknown}
Comestibles
 g - 2 bread rations
 i - a beef jerky
 l - 5 meat rations

#........................
#........................
#..<.....................
#.......................
#.......................
7........................
7~.......................P
~~7.....(.H..............P
~~~7~.....@..............PP
~P~~~7....................P
~P~~7~....................~
7~~~P.....................
~~P77..<..............)...>
~~~~P...............~~......
~7P7.............~7~~7.....
77......_.......7~~~......
..................P.......


You could see a hippogriff.


Message History

v - a +0 dagger of electrocution (weapon)
a - a scroll labeled PLIPHOWARCH
Found 18 poisoned needles.
Found a stone staircase leading up.
Found 13 gold pieces and a potion of might.
Found an escape hatch in the floor.
e - 39 poisoned needles (gained 18) No target in view!
No target in view!
You now have 166 gold pieces (gained 8).
No target in view!
You now have 171 gold pieces (gained 5).
s - 2 potions of might (gained 1)
You found a shaft!
There is an escape hatch in the floor here.
A hound comes into view.
A hound is nearby!
A hound is nearby!
A hound is nearby!
A hound is nearby!
A hound is nearby!
Found 19 stones.
Found a scroll labeled CEENNOAGYGH.
The hound barks!
You hit the hound but do no damage.
There is a sudden explosion of sparks!
You kill the hound!
A hippogriff comes into view.
You hit the hippogriff but do no damage.
You bite the hippogriff. You drain its power.
The hippogriff is lightly wounded.
You barely miss the hippogriff.
The hippogriff is lightly wounded.
The hippogriff bites you! The hippogriff pecks you.
The hippogriff claws you but does no damage.
You hit the hippogriff.
The hippogriff is moderately wounded.
The hippogriff bites you but does no damage.
The hippogriff misses you. The hippogriff claws you.
You hit the hippogriff but do no damage.
You bite the hippogriff, but do no damage.
The hippogriff is lightly wounded.
You hit the hippogriff. You bite the hippogriff. You drain its power.
You feel invigorated.
The hippogriff is moderately wounded.
The hippogriff bites you.
* * * LOW HITPOINT WARNING * * *
The hippogriff pecks you.
* * * LOW HITPOINT WARNING * * *
The hippogriff closely misses you.
You barely miss the hippogriff. You bite the hippogriff. You drain its power.
You feel invigorated.
The hippogriff is moderately wounded.
The hippogriff bites you!
* * * LOW HITPOINT WARNING * * *
The hippogriff pecks you.
* * * LOW HITPOINT WARNING * * *
The hippogriff barely misses you.
Read which item? (? for menu, Esc to quit)
Okay, then.
Drink which item? (? for menu, Esc to quit)
You feel very mighty all of a sudden. The hippogriff closely misses you.
The hippogriff pecks you but does no damage.
The hippogriff claws you.
* * * LOW HITPOINT WARNING * * *
You puncture the hippogriff!
There is a sudden explosion of sparks!
The hippogriff is almost dead.
The hippogriff bites you.
* * * LOW HITPOINT WARNING * * *
The hippogriff pecks you.
You die...

Action                   |  1- 3 |  4- 6 || total
-------------------------+-------+-------++-------
Melee: Dagger            |    73 |     8 ||    81
       Short sword       |    15 |    57 ||    72
 Fire: Blowgun           |    17 |    12 ||    29
Evoke: Wand              |       |     4 ||     4
  Use: Scroll            |       |     4 ||     4
       Potion            |       |     1 ||     1
 Stab: Sleeping          |    11 |     5 ||    16
       Distracted        |       |     1 ||     1
  Eat: Chunk             |     1 |     4 ||     5

Vault maps used:
D:1:      scummos_arrival_simple_fountains
D:2:      grunt_gozag_breadcrumbs, tgw_trog, kennysheep_nondescript,
          kennysheep_crisscross
D:3:      tso_oasis_becter, led_sif_book, kennysheep_generic_room_3
D:4:      kiku_gazebo_pond_becter, cheibriados_altar_1, serial_bayou,
          serial_bayou_pond_c, serial_bayou_pond_d, serial_bayou_lake_a,
          serial_bayou_pond_c

Notes
Turn   | Place    | Note
--------------------------------------------------------------
     0 | D:1      | HAL9000, the Vine Stalker Assassin, began the quest for the Orb.
     0 | D:1      | Reached XP level 1. HP: 11/11 MP: 1/1
    45 | D:1      | Reached skill level 2 in Short Blades
   120 | D:1      | Reached XP level 2. HP: 15/15 MP: 3/3
   747 | D:1      | Reached skill level 3 in Short Blades
   801 | D:1      | Reached XP level 3. HP: 16/18 MP: 4/4
   987 | D:2      | Found an opulent altar of Gozag.
  1375 | D:2      | Reached XP level 4. HP: 23/23 MP: 5/5
  1561 | D:2      | Noticed a moth of wrath
  1563 | D:2      | Found a bloodstained altar of Trog.
  1577 | D:2      | Reached skill level 4 in Short Blades
  2253 | D:3      | Found a glowing golden altar of the Shining One.
  2419 | D:3      | Found a deep blue altar of Sif Muna.
  2430 | D:3      | Reached XP level 5. HP: 14/26 MP: 7/7
  2495 | D:3      | Reached skill level 5 in Short Blades
  2721 | D:4      | Found a snail-covered altar of Cheibriados.
  2815 | D:4      | Noticed a hippogriff
  2827 | D:4      | HP: 3/26 [hippogriff (5)]
  2836 | D:4      | HP: 3/26 [hippogriff (2)]
  2837 | D:4      | HP: 1/26 [hippogriff (2)]
  2837 | D:4      | Slain by a hippogriff

Vanquished Creatures
  A hound (D:4)
  2 orc wizards (D:3)
  2 adders (D:3)
  5 worms (D:2)
  2 oozes
  A giant gecko (D:1)
  An orc (D:4)
  3 giant cockroaches
  5 hobgoblins
  3 jackals (D:1)
  8 kobolds
  A quokka (D:2)
  9 bats
  8 giant newts
  8 goblins
  8 rats
67 creatures vanquished.
